 Dungeon Crawl Stone Soup version 0.22-a0-348-gd16d139 (webtiles) character file.

3373 4thArraOfDagon the Arsonist (level 9, 0/67 HPs)
             Began as a Demigod Fire Elementalist on Apr 7, 2018.
             Slain by a centaur (7 damage)
             ... on level 9 of the Dungeon.
             The game lasted 00:16:22 (4220 turns).

4thArraOfDagon the Arsonist (DgFE)                  Turns: 4220, Time: 00:16:23

Health: 0/67       AC:  5    Str: 11    XL:     9   Next: 45%
Magic:  3/20       EV: 11    Int: 27    God:
Gold:   544        SH:  0    Dex: 16    Spells: 5/18 levels left

rFire    + + .     SeeInvis .   z - +3 bardiche (pain)
rCold    . . .     Gourm    .   (shield currently unavailable)
rNeg     . . .     Faith    .   g - +0 ring mail
rPois    .         Spirit   .   (no helmet)
rElec    .         Reflect  .   (no cloak)
rCorr    .         Harm     +   (no gloves)
MR       .....                  (no boots)
Stlth    +.........             d - amulet of harm
HPRegen  0.21/turn              A - ring of protection from fire
MPRegen  0.17/turn              v - +2 ring of intelligence

@: very slightly contaminated
A: hooves 1, fire resistance 1, high mp 1
a: no special abilities


You were on level 9 of the Dungeon.
You were not hungry.

You visited 1 branch of the dungeon, and saw 9 of its levels.

You collected 544 gold pieces.

Inventory:

Hand Weapons
 k - a +0 mace
 p - a +0 blowgun
 w - a +0 long sword
 z - a +3 bardiche of pain (weapon)
Missiles
 q - 14 poisoned needles
Armour
 a - a +0 robe
 g - a +0 ring mail (worn)
Jewellery
 d - an amulet of harm (around neck)
 m - an uncursed ring of resist corrosion
 v - a +2 ring of intelligence (right hand)
 A - a ring of protection from fire (left hand)
Wands
 l - a wand of flame (33)
 s - a wand of acid (5)
 B - a wand of scattershot (6)
Scrolls
 b - 5 scrolls of teleportation {unknown}
 e - 7 scrolls of remove curse {unknown}
 h - a scroll of enchant weapon {unknown}
 i - 3 scrolls of noise {unknown}
 j - 3 scrolls of blinking {unknown}
 r - a scroll of enchant armour {unknown}
 u - a scroll of fog {unknown}
 y - a scroll of random uselessness {unknown}
 C - a scroll of vulnerability {unknown}
Potions
 f - a potion of haste {unknown}
 n - a potion of agility
 o - a potion of heal wounds
 t - 2 potions of resistance
 x - 4 potions of curing
Comestibles
 c - 10 rations


   Skills:
 + Level 1.9 Fighting
 - Level 1.7 Dodging
 - Level 1.7 Stealth
 + Level 5.3 Spellcasting
 * Level 7.9 Conjurations
 * Level 8.4 Fire Magic


You had 5 spell levels left.
You knew the following spells:

 Your Spells              Type           Power        Failure   Level  Hunger
a - Flame Tongue          Conj/Fire      #####        1%          1    None
b - Conjure Flame         Conj/Fire      ######..     1%          3    #......
c - Sticky Flame          Conj/Fire      ######..     5%          4    ###....
d - Fireball              Conj/Fire      ######....   16%         5    #####..


Dungeon Overview and Level Annotations

Branches:
Dungeon (9/15)             Temple (0/1) D:4
   Lair: D:8-11         Orc: D:9-12

Shops:
D:5 =   D:6 *

Annotations:
D:3 budo's ghost, amateur NaWn
D:4 Conn321's ghost, amateur OpFE


Innate Abilities, Weirdness & Mutations

You have an increased reservoir of magic. (+10% MP)
You have large cloven feet.
Your flesh is heat resistant. (rF+)


Message History

The killer bee zombie burns!
The killer bee zombie hits you. The centaur closely misses you.
Unknown command.
Unknown command.
Casting: Sticky Flame (safe; 5% risk of failure)
Confirm with . or Enter, or press ? or * to list all spells.
Aiming: Sticky Flame (safe; 5% risk of failure)
Press: ? - help, Shift-Dir - straight line, f - centaur, p - killer bee zombie
Aim: a centaur The sticky flame hits the centaur.
The centaur is heavily wounded.
The centaur is covered in liquid flames!
The killer bee zombie burns!
The centaur burns!
The killer bee zombie hits you!
* * * LOW HITPOINT WARNING * * *
The centaur hits you.
* * * LOW HITPOINT WARNING * * *
The killer bee zombie hits you.
* * * LOW HITPOINT WARNING * * *
The centaur hits you.
You die...

.##. .... ... #..
#..# ##..##
#...<### ##
#....(.##...##
#...#..@.......
....###.Zc.......
... #....###...
.. #...### .. #
#...## .....#
...... ......


You could see a centaur (burning) and a killer bee zombie (burning).

Vanquished Creatures
  A two-headed ogre (D:8)
  A spriggan (D:7)
  2 hungry ghosts
  A water moccasin (D:7)
  2 sky beasts (D:5)
  An ice beast (D:7)
  4 ogres
  4 centaurs
  Blork the orc (D:6)
  2 bullfrogs (D:7)
  A scorpion (D:4)
  5 killer bees
  5 howler monkeys
  A quasit (D:8)
  A crimson imp (D:8)
  A bullfrog zombie (D:8)
  3 hounds
  4 orc priests (D:6)
  2 bullfrog skeletons
  An iguana (D:5)
  3 orc wizards
  4 worker ants
  2 adders (D:4)
  An adder skeleton (D:7)
  An adder zombie (D:8)
  4 worms (D:2)
  A dart slug (D:1)
  2 leopard geckos
  12 orcs
  8 bats
  4 giant cockroaches
  2 hobgoblins
  12 jackals
  6 frilled lizards
  4 kobolds
  A quokka skeleton (D:6)
  10 rats
120 creatures vanquished.

Notes
Turn   | Place    | Note
-------+----------+-------------------------------------------
     0 | D:1      | 4thArraOfDagon the Demigod Fire Elementalist began the quest for the Orb.
     0 | D:1      | Reached XP level 1. HP: 14/14 MP: 5/5
   101 | D:1      | Reached skill level 1 in Conjurations
   266 | D:2      | Found a faded altar of an unknown god.
   316 | D:1      | Reached XP level 2. HP: 10/20 MP: 4/7
   319 | D:1      | Reached skill level 3 in Fire Magic
   718 | D:2      | Reached XP level 3. HP: 25/26 MP: 3/8
   723 | D:2      | Learned a level 3 spell: Conjure Flame
   784 | D:3      | Found a blossoming altar of Fedhas.
   864 | D:3      | Found a hide-covered altar of Uskayaw.
  1038 | D:3      | Noticed budo's ghost (amateur NaWn)
  1108 | D:2      | Reached XP level 4. HP: 15/33 MP: 4/10
  1309 | D:4      | Noticed Conn321's ghost (amateur OpFE)
  1417 | D:4      | Found a glowing golden altar of the Shining One.
  1420 | D:4      | Found a sparkling altar of Nemelex Xobeh.
  1468 | D:4      | Reached skill level 4 in Fire Magic
  1468 | D:4      | Reached XP level 5. HP: 32/38 MP: 3/11
  1476 | D:4      | Learned a level 4 spell: Sticky Flame
  1498 | D:5      | Entered Level 5 of the Dungeon
  1635 | D:4      | Found a staircase to the Ecumenical Temple.
  1794 | D:5      | Noticed a sky beast
  1814 | D:5      | Killed a sky beast
  1814 | D:5      | Reached XP level 6. HP: 23/45 MP: 4/13
  1923 | D:5      | Thaneod: kupic cos z carrefoura?
  1969 | D:5      | 4thArraOfDagon: ummm
  2000 | D:5      | Thaneod: czyli co?
  2000 | D:5      | 4thArraOfDagon: cos do picia
  2000 | D:5      | 4thArraOfDagon: jakis sok czy cos
  2045 | D:5      | Reached skill level 5 in Fire Magic
  2060 | D:5      | Found Saply's Jewellery Shoppe.
  2066 | D:5      | 4thArraOfDagon: zlipniles?
  2078 | D:5      | Thaneod: niet
  2110 | D:5      | Thaneod: musze jeszcze zarowki kupic bo stroboskop jest
  2252 | D:6      | Reached XP level 7. HP: 41/50 MP: 9/15
  2256 | D:6      | Found Huaph's General Store.
  2281 | D:6      | Gained mutation: Your flesh is heat resistant. (rF+) [potion of mutation]
  2281 | D:6      | Gained mutation: You are frail. (-10% HP) [potion of mutation]
  2281 | D:6      | Gained mutation: You have large cloven feet. [potion of mutation]
  2336 | D:6      | Noticed Blork the orc
  2353 | D:6      | Killed Blork the orc
  2412 | D:6      | Reached skill level 5 in Conjurations
  2749 | D:6      | Reached skill level 6 in Fire Magic
  2949 | D:7      | Reached XP level 8. HP: 48/51 MP: 8/17
  3097 | D:7      | Reached skill level 7 in Fire Magic
  3507 | D:7      | Found a stormy altar of Qazlal.
  3771 | D:8      | Lost mutation: You are frail. (-10% HP) [potion of mutation]
  3771 | D:8      | Gained mutation: You are frail. (-10% HP) [potion of mutation]
  3771 | D:8      | Lost mutation: You are frail. (-10% HP) [potion of mutation]
  3823 | D:8      | :O
  3829 | D:8      | Reached XP level 9. HP: 54/62 MP: 5/19
  4035 | D:8      | Learned a level 5 spell: Fireball
  4040 | D:8      | Identified the Collected Works on Changing
  4042 | D:8      | Noticed a two-headed ogre
  4060 | D:8      | Killed a two-headed ogre
  4060 | D:8      | Reached skill level 1 in Fighting
  4060 | D:8      | Reached skill level 5 in Spellcasting
  4060 | D:8      | Reached skill level 8 in Fire Magic
  4070 | D:8      | p0werm0de: ok ok !!
  4075 | D:8      | p0werm0de: you say DG
  4086 | D:8      | p0werm0de: i go !!
  4220 | D:9      | Slain by a centaur

Vault maps used:
D:1:      dpeg_arrival_stone_temple_mockup, minmay_misc_feat_iff
D:2:      chequers_ecumenical_altar_simple
D:3:      cheibrodos_old_hovel, lemuel_crystal_altar, fedhas_altar_3
D:4:      minitemple, minmay_temple_entry_overgrown, first_ration,
          grunt_decor_mini_mirrors, nicolae_gozag_zags_fifth_avenue
D:5:      serial_shops, shop, st_stairs_4, uniq_eustachio
D:6:      serial_shops, shop_coins, minmay_misc_feat_nine_boxes,
          uniq_blork_the_orc
D:7:      basic_altar, the_bakery
D:8:      minmay_checkerbox
D:9:      bloody_makhleb, ashenzari_conservatory_becter, david_orc_2,
          basic_altar

Skill      XL: |  1  2  3  4  5  6  7  8  9 |
---------------+----------------------------+-----
Conjurations   | 1 2 3 4 5 7 |  7.9
Fire Magic     | 3 4 5 6 7 8 |  8.4
Spellcasting   | 2 3 4 5 |  5.3
Fighting       | 1 |  1.9
Dodging        | |  1.7
Stealth        | |  1.7

Action                   |  1- 3 |  4- 6 |  7- 9 || total
-------------------------+-------+-------+-------++-------
Melee: Unarmed           |    28 |       |       ||    28
       Mace              |     2 |    13 |    20 ||    35
       Kick              |       |       |    10 ||    10
       Long sword        |       |       |     5 ||     5
       Bardiche          |       |       |    23 ||    23
 Cast: Flame Tongue      |    72 |    63 |    51 ||   186
       Conjure Flame     |       |     1 |     6 ||     7
       Sticky Flame      |       |     1 |    22 ||    23
       Fireball          |       |       |     2 ||     2
Evoke: Wand              |       |       |     2 ||     2
  Use: Scroll            |       |     3 |     4 ||     7
       Potion            |       |       |     3 ||     3
  Eat: Chunk             |     1 |     3 |     6 ||    10
       Ration            |       |     1 |     1 ||     2
Armor: Robe              |     1 |       |       ||     1
       Ring mail         |    14 |    14 |    30 ||    58
Dodge: Dodged            |    37 |    30 |    65 ||   132
       Rpst.: Long sword |       |       |     7 ||     7

Table legend:
 A = Spawn XP
 B = Non-spawn XP
 C = Spawn XP percentage of total XP
 D = Spawn monster count
 E = Non-spawn monster count
 F = Spawn count percentage of total count
 G = Total turns spent on level
                    A         B        C        D         E        F      G
               +---------+---------+-------+---------+---------+-------+---------
         Total |       0 |    4819 |   0.0 |       0 |     120 |   0.0 |  4220
               +---------+---------+-------+---------+---------+-------+---------
           D:1 |       0 |      26 |   0.0 |       0 |      16 |   0.0 |   362
           D:2 |       0 |      28 |   0.0 |       0 |      10 |   0.0 |   419
           D:3 |       0 |      71 |   0.0 |       0 |      22 |   0.0 |   551
           D:4 |       0 |     185 |   0.0 |       0 |       5 |   0.0 |   314
           D:5 |       0 |     502 |   0.0 |       0 |      14 |   0.0 |   514
           D:6 |       0 |     789 |   0.0 |       0 |      22 |   0.0 |   717
           D:7 |       0 |    1436 |   0.0 |       0 |      14 |   0.0 |   877
           D:8 |       0 |    1782 |   0.0 |       0 |      17 |   0.0 |   460
               +---------+---------+-------+---------+---------+-------+---------
